 Dungeon Crawl Stone Soup version 0.20-b1-2-gc5a9893 (webtiles) character file.

809 lauthentik the Chopper (level 7, 0/61 HPs)
             Began as a Hill Orc Fighter on May 22, 2017.
             Was a Follower of Beogh.
             Slain by a wyvern (15 damage)
             ... on level 5 of the Dungeon.
             The game lasted 00:12:39 (3925 turns).

lauthentik the Chopper (Hill Orc Fighter)           Turns: 3925, Time: 00:12:40

Health: 0/61       AC: 10    Str: 26    XL:     7   Next: 92%
Magic:  7/7        EV:  7    Int:  6    God:    Beogh [*.....]
Gold:   270        SH: 10    Dex: 12    Spells: 6/6 levels left

rFire    . . .     SeeInvis .   a - +0 war axe
rCold    . . .     Gourm    .   c - +0 shield
rNeg     . . .     Faith    .   t - +0 chain mail
rPois    .         Spirit   .   (no helmet)
rElec    .         Reflect  .   (no cloak)
rCorr    .         Harm     .   y - +0 pair of gloves
MR       .....                  (no boots)
Stlth    ..........             (no amulet)
Regen    0.2/turn               D - +2 ring of slaying
MPRegen  0.1/turn               A - +3 ring of protection

@: mighty
A: agile 1, deformed body, dopey 1
a: Renounce Religion


You were on level 5 of the Dungeon.
You worshipped Beogh.
Beogh was aware of your devotion.
You were not hungry.

You visited 1 branch of the dungeon, and saw 5 of its levels.

You collected 270 gold pieces.

Inventory:

Hand Weapons
 a - a +0 war axe (weapon)
Armour
 b - a +0 scale mail
 c - a +0 shield (worn)
 t - a +0 chain mail (worn)
 y - a +0 pair of gloves (worn)
Jewellery
 k - a +2 ring of evasion
 A - a +3 ring of protection (right hand)
 D - a +2 ring of slaying (left hand)
Scrolls
 e - 3 scrolls of amnesia {unknown}
 h - 6 scrolls of identify {unknown}
 l - 3 scrolls of teleportation {unknown}
 m - a scroll of enchant armour {unknown}
 p - 2 scrolls of fog {unknown}
 s - 2 scrolls of noise {unknown}
 u - 3 scrolls of remove curse {unknown}
 v - a scroll of recharging {unknown}
 x - 3 scrolls of blinking {unknown}
 C - a scroll of holy word {unknown}
Potions
 n - a potion of degeneration {unknown}
 o - a potion of mutation
 r - a potion of heal wounds
 w - 2 potions of curing {unknown}
 z - a potion of cancellation {unknown}
 B - 2 potions of berserk rage {unknown}
 E - a potion of flight {unknown}
Comestibles
 f - 4 bread rations
 g - 5 fruits
 i - a meat ration
 j - 2 royal jellies
 q - 8 chunks of flesh


   Skills:
 + Level 5.3 Fighting
 + Level 7.5 Axes
 + Level 5.4 Armour
 + Level 1.7 Dodging
 + Level 0.5 Stealth
 + Level 4.8 Shields


You had 6 spell levels left.
You didn't know any spells.

Dungeon Overview and Level Annotations

Branches:
Dungeon (5/15)             Temple (0/1) D:5

Altars:
Ashenzari
Kikubaaqudgha
Makhleb
Okawaru
Xom

Shops:
D:4 (

Annotations:
D:5 1 transporter


Innate Abilities, Weirdness & Mutations

You are agile. (Dex +2)
Armour fits poorly on your strangely shaped body.
You are dopey. (Int -2)


Message History

You are no longer poisoned.
The wyvern bites you!
* * * LOW HITPOINT WARNING * * *
You block the crimson imp's attack.
The wyvern bites you but does no damage.
You feel much better.
The wyvern bites you but does no damage.
You block the crimson imp's attack. The wyvern bites you!
You feel very mighty all of a sudden. You block the crimson imp's attack.
The wyvern bites you but does no damage.
Your chain mail prevents you from hitting the wyvern.
The wyvern is severely wounded.
You barely miss the crimson imp. The wyvern closely misses you.
The crimson imp completely misses you. The wyvern bites you.
* * * LOW HITPOINT WARNING * * *
You barely miss the wyvern.
The wyvern is severely wounded.
You closely miss the crimson imp. The wyvern bites you!
You die...

........).#...........
.......)..#...##.....#...
..######..####...........
##..##..).# #..#########.
#.........# #.##8_:_._8## #
#.........# #.#.$!=$:%$ .#
#.........# #.#.##...# #.#
#.........# #.#.##...##.#.#
..........###.#©@ls.....#.#
##............#5##...##.#.#
###########..#.##...##.#.#
#..#.........#.#
#..##8.....8##.#
#...#########..#
#.......©.....##
##........##### #####...##


You could see a wyvern, a scorpion and a crimson imp.

Vanquished Creatures
  A centaur (D:5)
  An ogre (D:4)
  Blork the orc (D:4)
  2 hounds
  A bullfrog skeleton (D:4)
  2 jellies (D:5)
  3 orc wizards
  Jessica (D:2)
  3 worker ants
  A killer bee zombie (D:5)
  7 gnolls
  6 adders
  A shadow imp (D:5)
  2 adder skeletons (D:4)
  2 worms
  3 dart slugs
  4 leopard geckos
  8 orcs
  4 giant cockroaches
  2 goblins
  9 hobgoblins
  7 jackals
  A quokka (D:4)
  6 bats
  2 frilled lizards
  9 kobolds
  2 quokka skeletons
  3 rats (D:1)
94 creatures vanquished.

Notes
Turn   | Place    | Note
-------+----------+-------------------------------------------
     0 | D:1      | lauthentik the Hill Orc Fighter began the quest for the Orb.
     0 | D:1      | Reached XP level 1. HP: 19/19 MP: 1/1
   110 | D:1      | Reached skill level 3 in Axes
   130 | D:1      | Reached XP level 2. HP: 15/26 MP: 2/2
   334 | D:1      | Reached XP level 3. HP: 28/33 MP: 3/3
   736 | D:2      | Noticed Jessica
   741 | D:2      | Killed Jessica
   741 | D:2      | Reached skill level 4 in Axes
   741 | D:2      | Reached XP level 4. HP: 40/40 MP: 4/4
  1891 | D:3      | Found a burning altar of Makhleb.
  2427 | D:4      | Reached XP level 5. HP: 40/46 MP: 5/5
  2625 | D:4      | Reached skill level 5 in Axes
  2641 | D:4      | Found Galehuat's Weapon Shoppe.
  2788 | D:4      | Reached XP level 6. HP: 48/53 MP: 6/6
  2998 | D:4      | Noticed Blork the orc
  3008 | D:4      | Killed Blork the orc
  3008 | D:4      | Reached skill level 6 in Axes
  3008 | D:4      | Reached skill level 5 in Armour
  3351 | D:5      | Entered Level 5 of the Dungeon
  3392 | D:4      | Reached XP level 7. HP: 52/60 MP: 7/7
  3426 | D:4      | Became a worshipper of Beogh the Brigand
  3443 | D:5      | Reached skill level 5 in Fighting
  3482 | D:5      | Reached skill level 7 in Axes
  3580 | D:5      | Reached skill level 1 in Dodging
  3597 | D:5      | Found a staircase to the Ecumenical Temple.
  3711 | D:5      | Found an iron altar of Okawaru.
  3765 | D:5      | Found a shimmering altar of Xom.
  3791 | D:5      | Reached * piety under Beogh
  3810 | D:5      | Found an ancient bone altar of Kikubaaqudgha.
  3810 | D:5      | Noticed a wyvern
  3898 | D:5      | Found an iron altar of Okawaru.
  3898 | D:5      | Found a shattered altar of Ashenzari.
  3913 | D:5      | Gained mutation: Armour fits poorly on your strangely shaped body. [potion of mutation]
  3913 | D:5      | Gained mutation: You are dopey. (Int -2) [potion of mutation]
  3913 | D:5      | Gained mutation: You are agile. (Dex +2) [potion of mutation]
  3925 | D:5      | Slain by a wyvern

Skill      XL: |  1  2  3  4  5  6  7 |
---------------+----------------------+-----
Axes           | 3 4 5 6 7 |  7.5
Armour         | 4 5 |  5.4
Fighting       | 4 5 |  5.3
Shields        | 4 |  4.8
Dodging        | 1 |  1.7
Stealth        | |  0.5

Action                   |  1- 3 |  4- 6 |  7- 9 || total
-------------------------+-------+-------+-------++-------
Melee: War axe           |    75 |   172 |   105 ||   352
Throw: Throwing net      |       |     2 |       ||     2
Invok: Convert to Beogh  |       |       |     1 ||     1
  Use: Potion            |       |       |     6 ||     6
 Stab: Held in net/web   |       |     1 |       ||     1
  Eat: Chunk             |       |     8 |     2 ||    10
Armor: Scale mail        |    21 |       |       ||    21
       Chain mail        |     3 |    85 |    62 ||   150
       Skin              |       |       |    78 ||    78
Dodge: Dodged            |    27 |    56 |    33 ||   116
Block: Shield            |    51 |    94 |    56 ||   201
